 Dungeon Crawl Stone Soup version 0.29-a0-330-g52719c12eb (webtiles) character file.

Game seed: 4769655950049107348

144 kae the Firebug (level 4, -1/35 HPs)
             Began as a Demigod Fire Elementalist on Apr 18, 2022.
             Succumbed to a kobold brigand's curare-tipped dart
             ... in a sewer.
             The game lasted 00:02:07 (3025 turns).

kae the Firebug (Demigod Fire Elementalist)         Turns: 3025, Time: 00:02:08

Health: -1/35      AC:  2    Str:  9    XL:     4   Next: 77%
Magic:  7/10       EV: 12    Int: 21    God:
Gold:   135        SH:  0    Dex: 14    Spells: 4/7 levels left

rFire   . . .      SeeInvis .   (no weapon)
rCold   . . .      Faith    .   (no shield)
rNeg    . . .      Spirit   .   a - +0 robe
rPois   .          Reflect  .   (no helmet)
rElec   .          Harm     .   (no cloak)
rCorr   .          Rampage  .   (no gloves)
Will    .....                   (no boots)
Stlth   ++........              (no amulet)
HPRegen 0.11/turn               (no ring)
MPRegen 0.12/turn               (no ring)

@: lethally poisoned (-1 -> -11), hasted and slowed
A: high MP 1, forlorn, divine attributes
a: no special abilities


You were in a sewer.
You visited 1 branch of the dungeon, and saw 3 of its levels.
You also visited: Sewer.

You collected 135 gold pieces.

Inventory:

Armour
 a - a +0 robe (worn)
Scrolls
 f - 4 scrolls of identify
 j - a scroll of fog {unknown}
Potions
 b - 2 potions of magic
 c - 2 potions of invisibility
 d - a potion of cancellation
 e - a potion of berserk rage
 g - 2 potions of haste
 h - a potion of attraction
 i - a potion of curing {unknown}


   Skills:
 + Level 1.3 Fighting
 - Level 1.7 Dodging
 + Level 2.6 Stealth
 + Level 2.3 Spellcasting
 + Level 1.8 Conjurations
 * Level 3.9 Fire Magic


You had 4 spell levels left.
You knew the following spells:

 Your Spells              Type           Power      Damage    Failure   Level
a - Foxfire               Conj/Fire      56%        2x1d6     4%          1
b - Scorch                Fire           36%        2d7       4%          2

Your spell library contained the following spells:

 Spells                   Type           Power      Damage    Failure   Level
 Conjure Flame            Conj/Fire      14%        6-21      13%         3
 Sting                    Tmut/Pois      8%         1d3       14%         1
 Inner Flame              Hex/Fire       10%        N/A       19%         3
 Poisonous Vapours        Pois/Air       4%         N/A       22%         2
 Ignite Poison            Fire/Tmut/Pois 7%         N/A       26%         3
 Flame Wave               Conj/Fire      14%        2d6       41%         4
 Sticky Flame             Conj/Fire      14%        2d4       41%         4
 Olgreb's Toxic Radiance  Pois           2%         N/A       82%         4


Dungeon Overview and Level Annotations

Branches:
Dungeon (3/15)              Sewer (1/1)

Shops:
D:1 ?

Annotations:
D:2 1 runed translucent door, Crazy Yiuf


Innate Abilities, Weirdness & Mutations

You have an increased reservoir of magic. (+10% MP)
You shall have no god before yourself.
Your divine heritage dramatically boosts your attributes as you level up.


Message History

You conjure some foxfire!
The foxfire hits the kobold brigand.
The kobold brigand is lightly wounded.
There are monsters nearby!
Casting: Foxfire (safe; 4% risk of failure)
Confirm with . or Enter, or press ? or * to list all spells.
You conjure some foxfire!
The kobold brigand shouts!
The foxfire hits the kobold brigand.
The kobold brigand is moderately wounded.
The kobold brigand throws a curare-tipped dart.
The curare-tipped dart hits you.
You are poisoned.
You have difficulty breathing.
You feel yourself slow down.
There are monsters nearby!
Casting: Foxfire (safe; 4% risk of failure)
Confirm with . or Enter, or press ? or * to list all spells.
You conjure some foxfire!
You feel very sick.
You feel very sick.
The foxfire hits the kobold brigand.
The kobold brigand is heavily wounded.
The kobold brigand throws a curare-tipped dart.
The curare-tipped dart hits you.
You are lethally poisoned!
You have difficulty breathing.
You feel as though you will be slow longer.
There is a lethal amount of poison in your body!
Casting: Foxfire (safe; 4% risk of failure)
Confirm with . or Enter, or press ? or * to list all spells.
You conjure some foxfire!
* * * LOW HITPOINT WARNING * * *
You feel very sick. The kobold brigand barely misses you.
* * * LOW HITPOINT WARNING * * *
You feel very sick. The kobold brigand misses you.
The kobold brigand barely misses you.
There is a lethal amount of poison in your body!
It was a potion of haste.
You feel yourself speed up.
You die...

##### ##### ##..≈##
##..≈##
..≈#####.....#####..≈.≈#
.≈!..KK@v...≈≈≈≈≈≈.....#
.?.#####§≈...#####.....#
##..≈## ##...## ##≈##
##≈## #≈# #≈# #≈# #≈#
##### ##≈## ##†## ##...##
##...## ##..≈##
#..≈..####≈.≈.≈#####..≈≈≈#


You could see 2 kobold brigands.

Vanquished Creatures
  6 adders
  2 river rats (Sewer)
  3 worms
  3 dart slugs
  An orc (D:3)
  6 bats
  6 endoplasms
  2 giant cockroaches
  4 goblins (D:1)
  4 hobgoblins
  2 quokkas (D:1)
  8 ball pythons
  4 frilled lizards
  5 kobolds
  4 rats
60 creatures vanquished.

Vanquished Creatures (others)
  175 foxfires
175 creatures vanquished.

Grand Total: 235 creatures vanquished

Notes
Turn   | Place    | Note
-------+----------+-------------------------------------------
     0 | D:1      | kae the Demigod Fire Elementalist began the quest for the
                  | Orb.
     0 | D:1      | Reached XP level 1. HP: 14/14 MP: 5/5
    14 | D:1      | Found Porim's Magic Scroll Shoppe.
   349 | D:1      | Reached skill level 1 in Conjurations
   627 | D:1      | Reached skill level 3 in Fire Magic
   757 | D:1      | Reached XP level 2. HP: 22/22 MP: 5/7
   892 | D:1      | Learned a level 2 spell: Scorch
  1480 | D:1      | Identified a scroll of acquirement
  1480 | D:1      | Acquired an Everburning Encyclopedia
  1579 | D:2      | Found a runed translucent door.
  1580 | D:2      | Noticed Crazy Yiuf
  1617 | D:2      | Reached XP level 3. HP: 27/27 MP: 5/8
  2245 | D:3      | Reached skill level 1 in Fighting
  2436 | D:3      | Reached XP level 4. HP: 35/35 MP: 6/9
  2469 | D:3      | Found a glowing drain.
  2558 | Sewer    | Entered a sewer
  3016 | Sewer    | Noticed a kobold brigand
  3016 | Sewer    | Noticed a kobold brigand
  3025 | Sewer    | Succumbed to a kobold brigand's curare-tipped dart

Illustrated notes

Levels and vault maps discovered:
D:1:      dpeg_arrival_short_road, layout_loops_corners,
          shapermc_ecumenical_altar_mp_vishouse, serial_shops,
          nicolae_square_shop
D:2:      layout_rooms, uniq_crazy_yiuf_cottage
D:3:      minmay_evil_eye, layout_basic, serial_shops, shop,
          portal_sewer_entry_a
Sewer:    sewer_co_15_rooms

Skill      XL: |  1  2  3 |
---------------+----------+-----
Conjurations   | 1 |  1.8
Fire Magic     | 3 |  3.9
Stealth        | 2 |  2.6
Spellcasting   | 2 |  2.3
Fighting       | 1 |  1.3
Dodging        | |  1.7

Action                   |  1- 3 |  4- 6 || total
-------------------------+-------+-------++-------
Melee: Unarmed           |    21 |       ||    21
 Cast: Foxfire           |    67 |    43 ||   110
       Scorch            |    11 |       ||    11
  Use: Scroll            |     7 |       ||     7
       Potion            |       |     1 ||     1
Armor: Robe              |    16 |       ||    16
Dodge: Dodged            |    41 |     3 ||    44

Table legend: (Time is in decaauts)
 A = Elapsed time spent in this place.
 B = Non-inter-level travel time spent in this place.
 C = Inter-level travel time spent in this place.
 D = Time resting spent in this place.
 E = Time spent auto-exploring this place.
 F = Levels seen in this place.
 G = Mean time per level.
                   A        B        C        D        E       F      G
               +--------+--------+--------+--------+--------+-----+--------+
         Total |   3064 |   2977 |     87 |      5 |   2562 |   4 |  766.0 |
       Dungeon |   2558 |   2471 |     87 |      5 |   2162 |   3 |  852.7 |
         Sewer |    505 |    505 |      0 |      0 |    400 |   1 |  505.0 |
               +--------+--------+--------+--------+--------+-----+--------+

Top non-repeatable levels by time:
     D:1: 1533 daAuts
     D:3: 522 daAuts
   Sewer: 505 daAuts
     D:2: 502 daAuts
